 Seeded DCSS version 0.29.1-1-gd02db6906a (webtiles) character file.

Game seed: 17845553201672341576 (custom seed)

70 Iusername the Covered (level 4, 41/41 HPs)
             Began as a Minotaur Fighter on Sept 22, 2022.
             Quit the game on level 2 of the Dungeon.
             The game lasted 00:02:41 (1836 turns).

Iusername the Covered (Minotaur Fighter)            Turns: 1836, Time: 00:02:42

Health: 41/41      AC:  8    Str: 23    XL:     4   Next: 4%
Magic:  3/3        EV: 13    Int:  5    God:
Gold:   113        SH:  4    Dex:  9    Spells: 3/3 levels left

rFire   . . .      SeeInvis .   a - +0 flail
rCold   . . .      Faith    .   c - +0 buckler
rNeg    . . .      Spirit   .   b - +0 scale mail
rPois   .          Reflect  .   (helmet restricted)
rElec   .          Harm     .   (no cloak)
rCorr   .          Rampage  .   (no gloves)
Will    .....                   i - +0 pair of boots
Stlth   +.........              (no amulet)
HPRegen 0.13/turn               g - ring "Uloxouvi" {EV+4 Stlth+}
MPRegen 0.08/turn               (no ring)

@: no status effects
A: horns 2, retaliatory headbutt
a: no special abilities


You were on level 2 of the Dungeon.
You visited 1 branch of the dungeon, and saw 2 of its levels.

You collected 113 gold pieces.

Inventory:

Hand Weapons
 a - a +0 flail (weapon)
Armour
 b - a +0 scale mail (worn)
 c - a +0 buckler (worn)
 i - a +0 pair of boots (worn)
Jewellery
 g - the ring "Uloxouvi" (left hand) {EV+4 Stlth+}
   (You acquired it on level 1 of the Dungeon)

   [ring of evasion]

   EV:        It affects your evasion (+4).
   Stlth:     It makes you more stealthy.
Scrolls
 h - 4 scrolls of identify
 k - a scroll of acquirement
Potions
 d - a potion of might
 e - a potion of heal wounds {unknown}
 f - a potion of curing {unknown}
 j - 3 potions of degeneration {unknown}


   Skills:
 + Level 4.4 Fighting
 + Level 3.1 Maces & Flails
 + Level 4.4 Armour
 + Level 0.9 Dodging
 + Level 4.0 Shields


You had 3 spell levels left.
You didn't know any spells.
Your spell library contained the following spells:

 Spells                   Type           Power      Damage    Failure   Level
 Necrotise                Necr           0%         1d4       86%         1
 Vampiric Draining        Necr           0%         2d6       99%         3
 Agony                    Necr           0%         N/A       100%        5


Dungeon Overview and Level Annotations

Branches:
Dungeon (2/15)

Altars:


Innate Abilities, Weirdness & Mutations

You have a pair of horns on your head.
You reflexively headbutt those who attack you in melee.


Message History

No target in view!
Unknown command.
No target in view!
Key pressed, stopping explore.
No target in view!
Unknown command.
k - a scroll of acquirement No target in view!
Unknown command.
As you open the door, it creaks loudly!
You hear a shout!
Found 10 gold pieces.
No target in view!
Unknown command.
No target in view!
There is an open door here.
A goblin comes into view. It is wielding a +0 club.
The goblin shouts!
Unknown command.
You sock the goblin!
You kill the goblin!
You now have 79 gold pieces (gained 10).
You open the door.
There is an open door here.
You open the door.
There is an open door here.
There is an open door here.
You now have 83 gold pieces (gained 4).
There is an open door here.
Found a stone staircase leading up.
No target in view!
Unknown command.
You now have 91 gold pieces (gained 8).
You now have 103 gold pieces (gained 12).
You now have 113 gold pieces (gained 10).
An adder comes into view.
The adder hisses angrily.
Unknown command.
An adder is nearby!
Unknown command.
Are you sure you want to abandon this character and quit the game? (Confirm with "yes".)

......####.#.#.##.# #
......# #.#.#.##'#.#
.#+#######.#.#......#
....# #.....'......+
.#..# #.#.#.#......#
.#..####.....#..........
......######.####'###...
.#......................
.#..#.##.###.##.@.......
.#..#.##.###.##.#.....##
.............##.#S....#
.......####...#.#.....#
.#.....# #....#.#......#
.#...^.###....#.##......
......##......#.. ......
....#.#..#..<.#. ##....
..............#


You could see an adder.

Vanquished Creatures
  Robin (D:2)
  An adder (D:2)
  2 ball pythons
  4 bats
  3 endoplasms
  5 giant cockroaches
  14 goblins
  6 hobgoblins (D:2)
  2 jackals (D:2)
  A frilled lizard (D:1)
  A kobold (D:1)
  2 rats (D:1)
42 creatures vanquished.

Notes
Turn   | Place    | Note
-------+----------+-------------------------------------------
     0 | D:1      | Iusername the Minotaur Fighter began the quest for the Orb.
     0 | D:1      | Reached XP level 1. HP: 19/19 MP: 0/0
   347 | D:1      | Found a faded altar of an unknown god.
   482 | D:1      | Reached XP level 2. HP: 27/27 MP: 1/1
   927 | D:1      | Identified a scroll of acquirement
   927 | D:1      | Acquired the ring "Uloxouvi" {EV+4 Stlth+}
  1105 | D:2      | Reached XP level 3. HP: 31/33 MP: 2/2
  1325 | D:2      | Noticed Robin
  1350 | D:2      | Killed Robin
  1354 | D:2      | Reached XP level 4. HP: 28/41 MP: 3/3
  1836 | D:2      | Quit the game

Illustrated notes

Levels and vault maps discovered:
D:1:      lordsloth_arrival_two_stooges, layout_basic,
          shapermc_ecumenical_altar_petra, dk_noncrumbling_4
D:2:      layout_basic, uniq_robin

Skill      XL: |  1  2  3 |
---------------+----------+-----
Fighting       | 4 |  4.4
Shields        | 4 |  4.0
Armour         | 4 |  4.4
Maces & Flails | 3 |  3.1
Dodging        | |  0.9

Action                   |  1- 3 |  4- 6 || total
-------------------------+-------+-------++-------
Melee: Flail             |    80 |     7 ||    87
       Headbutt          |     8 |       ||     8
  Use: Scroll            |     5 |       ||     5
Armor: Scale mail        |    46 |     2 ||    48
Dodge: Dodged            |    50 |     1 ||    51
Block: Buckler           |    23 |     3 ||    26
